AoeStats
← ()

Black Forest

505219779Analyzed
1v1 RM · 23d ago on Sep 8, 2026· 45m 30s· 2 players
Game mode
Random Map
Map size
Tiny (2 player)
Population
200
Speed
Normal
Resources
Standard
Victory
Conquest
Starting age
Dark Age
Ending age
Imperial Age
RankedLock teamsTeams togetherTeam positionsShared explorationLock speedFull tech treeHidden civsTurbo modeCheats
Victory
Defeat
🇺🇸 Japanese · United States
697
+14
🇺🇸 Britons · United States
657
-31
()
5:20 Loom
12:49 Feudal Age
14:06 Wheelbarrow
13:15 Horse Collar
14:45 Double-Bit Axe
19:39 Gold Mining
19:40 Stone Mining
25:24 Castle Age
24:31 Padded Archer Armor
24:24 Fletching
26:32 Hand Cart
26:19 Heavy Plow
26:31 Bow Saw
26:24 Bodkin Arrow
25:54 Crossbowman
26:41 Pikeman
28:09 Gold Shaft Mining
27:51 Squires
32:31 Leather Archer Armor
34:29 Yeomen
39:42 Imperial Age
38:47 Ballistics
41:20 Masonry
40:53 Treadmill Crane
41:00 Elite Longbowman
42:31 Warwolf
41:59 Arbalester
45:38 Chemistry
silent.pig
1:34 Loom
16:26 Feudal Age
20:54 Castle Age
19:02 Man-at-Arms
20:35 Forging
20:16 Horse Collar
20:25 Double-Bit Axe
20:58 Gold Mining
21:00 Stone Mining
22:59 Long Swordsman
29:07 Heavy Plow
29:24 Town Watch
30:20 Fletching
32:35 Ballistics
32:46 Bloodlines
33:16 Iron Casting
33:45 Scale Barding Armor
35:33 Wheelbarrow
35:53 Scale Mail Armor
36:09 Bodkin Arrow
36:13 Elite Skirmisher
36:57 Padded Archer Armor
42:36 Imperial Age
40:31 Thumb Ring
42:07 Chain Barding Armor
44:00 Kataparuto
44:03 Conscription
43:54 Bracer
43:20 Onager
43:29 Cavalier
44:45 Siege Engineers
45:41 Chemistry
Connection lost

Rejoining the realm…

Still unreachable

The connection could not be restored.

Session expired

The server has moved on; the page needs a fresh start.